AoeStats
← zamithdaniel

MegaRandom

508744466Analyzed
2v2 RM · 10d ago on Sep 23, 2026· 44m 52s· 4 players
Game mode
Random Map
Map size
Medium (4 player)
Population
200
Speed
Normal
Resources
Standard
Victory
Conquest
Starting age
Dark Age
Ending age
Imperial Age
RankedLock teamsTeams togetherTeam positionsShared explorationLock speedFull tech treeHidden civsTurbo modeCheats
Victory
Defeat
🇨🇴 Turks · Colombia
922
+13
🇨🇴 Magyars · Colombia
838
+17
🇲🇽 Khitans · Mexico
857
-15
🇬🇧 Byzantines · United Kingdom
849
-15
wilderbeest1
5:12 Loom
13:34 Feudal Age
19:26 Castle Age
18:25 Horse Collar
18:33 Double-Bit Axe
36:24 Imperial Age
33:37 Crossbowman
34:10 Gold Mining
35:20 Wheelbarrow
36:00 Heavy Plow
36:16 Bow Saw
36:14 Scale Barding Armor
35:50 Pikeman
36:52 Fletching
40:30 Thumb Ring
41:46 Conscription
NIXXT103
2:30 Loom
10:12 Feudal Age
10:38 Double-Bit Axe
13:09 Forging
14:33 Scale Barding Armor
20:24 Castle Age
19:03 Domestication
20:22 Gold Mining
21:17 Bow Saw
22:30 Iron Casting
26:45 Wheelbarrow
26:33 Stone Mining
andres simijaca
8:12 Loom
11:09 Feudal Age
11:54 Double-Bit Axe
11:54 Horse Collar
21:37 Castle Age
19:26 Man-at-Arms
20:39 Arson
21:01 Scale Mail Armor
21:22 Gold Mining
21:49 Stone Mining
21:49 Pikeman
23:22 Bow Saw
23:30 Fletching
23:13 Long Swordsman
25:20 Gold Shaft Mining
29:39 Chain Mail Armor
32:07 Wheelbarrow
33:07 Bodkin Arrow
35:59 Padded Archer Armor
39:13 Imperial Age
39:48 Leather Archer Armor
39:29 Capped Ram
39:48 Halberdier
42:08 Two-Handed Swordsman
zamithdaniel
11:52 Feudal Age
17:38 Castle Age
17:10 Loom
20:01 Horse Collar
28:15 Scale Barding Armor
28:21 Forging
30:53 Chain Barding Armor
31:09 Iron Casting
31:47 Husbandry
40:12 Imperial Age
39:38 Gold Mining
42:10 Blast Furnace
44:21 Plate Barding Armor
44:03 Bloodlines
Connection lost

Rejoining the realm…

Still unreachable

The connection could not be restored.

Session expired

The server has moved on; the page needs a fresh start.